 Dungeon Crawl Stone Soup version 0.31-a0-331-geda263fcf1 (webtiles) character file.

Game seed: 15988384103354784319

3260 LustLizard the Grappler (level 10, -10/62 HPs)
             Began as an Octopode Shapeshifter on July 19, 2023.
             Was a Follower of Hepliaklqana.
             Killed from afar by Maggie (22 damage)
             ... with a bolt of fire
             ... on level 6 of the Dungeon.
             The game lasted 00:18:43 (9587 turns).

LustLizard the Grappler (Octopode Shapeshifter)     Turns: 9587, Time: 00:18:43

Health: -10/62     AC:  1    Str: 16    XL:     10   Next: 0%
Magic:  10/10      EV: 13    Int: 13    God:    Hepliaklqana [*.....]
Gold:   385        SH:  0    Dex: 13    Spells: 6/9 levels left

rFire   . .          .
                       - Unarmed
rCold   . . .        (no shield)
rNeg    . . .        (helmet currently unavailable)
rPois   .            (no amulet)
rElec   .            (no ring)
rCorr   .            (no ring)
SInv    .            (no ring)
Will    .....        (no ring)
Stlth   +++          (no ring)
HPRegen 0.30/turn    (no ring)
MPRegen 0.12/turn    (no ring)
                     (no ring)

%: no passive effects
@: about to teleport, beast-form
A: beast (slay +4), reduced essence, almost no armour, amphibious, 8 rings,
camouflage 1, gelatinous body 1, (nimble swimmer 1), tentacles
a: Begin Untransformation, Renounce Religion, Recall Ancestor, Ancestor Identity


You were on level 6 of the Dungeon.
You worshipped Hepliaklqana.
Hepliaklqana was aware of your devotion.
You were a hulking beast.
You visited 2 branches of the dungeon, and saw 9 of its levels.
You also visited: Sewer.

You collected 385 gold pieces.

Inventory:

Missiles
 d - 24 poisoned darts
Jewellery
 v - a ring of ice
Talismans
 b - a beast talisman
Wands
 q - a wand of quicksilver (7)
 r - a wand of polymorph (8)
 x - a wand of flame (16)
 A - a wand of mindburst (16)
Scrolls
 c - 3 scrolls of enchant armour {unknown}
 e - 3 scrolls of silence {unknown}
 g - 2 scrolls of fear {unknown}
 h - a scroll of identify
 i - 4 scrolls of poison {unknown}
 j - 2 scrolls of enchant weapon {unknown}
 l - 3 scrolls of torment {unknown}
 n - a scroll of butterflies
 o - 2 scrolls of teleportation
 p - 3 scrolls of revelation
 s - a scroll of fog
 t - a scroll of vulnerability
 y - a scroll of blinking
 z - a scroll of amnesia
Potions
 a - a potion of lignification
 f - a potion of ambrosia
 k - 3 potions of curing
 m - 2 potions of enlightenment
 u - a potion of might
 w - a potion of resistance
 C - a potion of mutation
 D - a potion of heal wounds {unknown}


   Skills:
 + Level 6.5 Fighting
 - Level 2.0 Dodging
 - Level 4.0 Stealth
 * Level 9.0 Unarmed Combat
 + Level 2.8 Conjurations
 + Level 2.6 Air Magic
 + Level 3.2 Poison Magic
 + Level 5.9 Shapeshifting


You had 6 spell levels left.
You knew the following spells:

 Your Spells              Type           Power      Damage    Failure   Level
a - Mephitic Cloud        Conj/Pois/Air  7%         N/A       28%         3

Your spell library contained the following spells:

 Spells                   Type           Power      Damage    Failure   Level
 Static Discharge         Conj/Air       14%        2-3/arc   16%         2
 Vhi's Electric Charge    Tloc/Air       6%         N/A       47%         3
 Gell's Gravitas          Tloc           0%         N/A       67%         3
 Teleport Other           Tloc           0%         N/A       67%         3
 Airstrike                Air            3%         2d(1-17)  71%         4
 Summon Lightning Spire   Summ/Air       3%         N/A       87%         4
 Arcjolt                  Conj/Air       3%         1d13      95%         5
 Iskenderun's Battlesphe  Conj           7%         2d6       95%         5
 Dispersal                Tloc           0%         N/A       100%        6
 Leda's Unmaking          Conj/Erth      1%         9d1       100%        6
 Plasma Beam              Fire/Air       1%         2x1d11    100%        6
 Spellforged Servitor     Conj/Summ      1%         N/A       100%        7


Dungeon Overview and Level Annotations

Branches:
Dungeon (8/15)             Temple (1/1) D:5           Sewer (visited)
   Lair: D:8-11

Altars:
Ashenzari
Cheibriados
Dithmenos
Elyvilon
Fedhas
Gozag
Hepliaklqana
Kikubaaqudgha
Makhleb
Nemelex Xobeh
Okawaru
Qazlal
Ru
Sif Muna
Trog
Uskayaw
Vehumet
Wu Jian
Xom
Yredelemnul
Zin
The Shining One

Annotations:
D:4 3 runed translucent doors, xianbchi's ghost, novice DsFi
D:6 Maggie; Menkaure


Innate Abilities, Weirdness & Mutations

You are a hulking beast.
Your limbs bulge with bestial killing power. (Slay +4)
Your life essence is reduced to manifest your ancestor. (-10% HP)
You cannot wear most types of armour.
You are amphibious.
You can wear up to eight rings at the same time.
Your skin changes colour to match your surroundings (Stealth+).
Your rubbery body absorbs attacks. (AC +1, EV +1)
((You are camouflaged when in or above water. (Stealth+)))
You have tentacles for arms and can constrict up to eight enemies at once.


Message History

Maggie attempts to bespell you!
You are mesmerised by Maggie!
Your Unarmed Combat skill increases to level 9!
You are no longer entranced.
Menkaure closely misses Cenhelm.
Cenhelm hits Menkaure but does no damage.
You tentacle-slap the iguana. Your grab misses the iguana.
You squeeze the iguana.
The iguana is heavily wounded.
The iguana bites you!
You closely miss the iguana. You grab the iguana.
The iguana is heavily wounded.
You constrict the iguana.
You tentacle-slap the iguana but do no damage.
You squeeze the iguana.
The iguana is heavily wounded.
You constrict the iguana. The iguana bites you!
Cenhelm hits the iguana.
You tentacle-slap the iguana.
The iguana is almost dead.
You constrict the iguana, but do no damage.
The iguana misses you.
Cenhelm hits the iguana.
The iguana dies!
Menkaure calls on the powers of darkness!
Your body is wracked with pain!
* * * LOW HITPOINT WARNING * * *
You have reached level 10!
You feel clever.
Cenhelm remembers more of his old skill.
As you read the scroll of teleportation, it crumbles to dust.
You feel strangely unstable.
Cenhelm hits Menkaure!
Your attacks no longer feel as feeble.
Menkaure gestures at you while chanting.
Pain shoots through your body!
* * * LOW HITPOINT WARNING * * *
Cenhelm hits Menkaure but does no damage.
Maggie points at you and mumbles some strange words.
The bolt of fire hits Cenhelm!
Cenhelm resists.
The bolt of fire hits you!!
You die...

#....# ~~~..~..~..S..~ #.####
......# #~~~..~.@S~...~##....#
#...#### #.~..~.......##...#..
#... #..S~........##...### #...
##............##......
#.......@......#......
###R.#### #..#### #.†M....#
#..#... #h......# #..#...
#.......# #..###.
#########.......####......
#.......................#.
#..................##...##
######........######....#8...8#
#.......................##...##
#..#############........##...##
#..#8.........8#........##...##


You could see the friendly Cenhelm the ancestor, Maggie (ally target), Menkaure
(fast) and an electric eel.

Vanquished Creatures
  Eustachio (D:6)
  2 water moccasins
  An ice beast (D:4)
  2 sky beasts (D:7)
  3 orc warriors
  An ogre (D:4)
  A black bear (D:5)
  3 bullfrogs
  A phantom (D:5)
  A kobold brigand (D:8)
  A necrophage (D:5)
  4 scorpions
  4 wights (D:8)
  A howler monkey (D:8)
  A lava snake (D:7)
  4 hounds
  A sleepcap (D:8)
  Crazy Yiuf (D:7)
  2 orc priests
  3 jellies
  A gnoll bouda (D:6)
  2 iguanas
  4 orc wizards
  A hound skeleton (D:5)
  Robin (D:2)
  7 gnolls
  10 adders
  3 shadow imps
  A white imp (D:5)
  2 ufetubi (D:5)
  3 dart slugs
  26 orcs
  17 ball pythons
  7 bats
  3 endoplasms
  12 giant cockroaches
  13 hobgoblins
  3 jackals (D:2)
  10 kobolds
  8 quokkas
  16 frilled lizards
  12 goblins
  6 rats
206 creatures vanquished.

Vanquished Creatures (collateral kills)
  A wyvern (D:5)
  An orc warrior (D:8)
  An ice beast (D:7)
  A howler monkey (D:8)
  An iguana (D:6)
  4 orcs
  4 kobolds (D:8)
13 creatures vanquished.

Vanquished Creatures (others)
  2 ancestors (D:8)
2 creatures vanquished.

Grand Total: 221 creatures vanquished

Notes
Turn   | Place    | Note
-------+----------+-------------------------------------------
     0 | D:1      | LustLizard the Octopode Shapeshifter began the quest for
                  | the Orb.
     0 | D:1      | Reached XP level 1. HP: 14/14 MP: 1/1
     6 | D:1      | Noticed a basilisk
     6 | D:1      | Noticed a tyrant leech
     6 | D:1      | Noticed a servant of whispers
     7 | D:1      | Noticed a yaktaur
   128 | D:1      | Reached XP level 2. HP: 19/19 MP: 2/2
   182 | D:1      | Reached skill level 1 in Stealth
   363 | D:1      | Reached XP level 3. HP: 24/24 MP: 3/3
  1041 | D:2      | Found a shimmering blue altar of Sif Muna.
  1263 | D:2      | Noticed Robin
  1283 | D:2      | Reached skill level 3 in Unarmed Combat
  1532 | D:2      | Killed Robin
  1533 | D:2      | Reached XP level 4. HP: 30/30 MP: 4/4
  2425 | D:3      | Reached XP level 5. HP: 36/36 MP: 5/5
  2979 | D:4      | Noticed an ice beast
  3244 | D:4      | Reached skill level 4 in Unarmed Combat
  3253 | D:4      | Reached XP level 6. HP: 42/42 MP: 6/6
  3321 | D:4      | Found a runed translucent gate.
  3322 | D:4      | Found a runed translucent gate.
  3322 | D:4      | Found a runed translucent gate.
  3331 | D:4      | Noticed xianbchi's ghost (novice DsFi)
  3335 | D:4      | Identified the +5 chain mail "Cisujiss" {Fly rElec Str+2
                  | Slay+6}
  3538 | D:4      | Found a broken altar of Ashenzari.
  3707 | D:5      | Entered Level 5 of the Dungeon
  3809 | D:5      | Noticed a black bear
  3841 | D:5      | Reached XP level 7. HP: 29/47 MP: 7/7
  3932 | D:5      | Reached skill level 5 in Unarmed Combat
  3953 | D:5      | Noticed a wyvern
  4117 | D:5      | Found a staircase to the Ecumenical Temple.
  4148 | Temple   | Entered the Ecumenical Temple
  4157 | Temple   | Became a worshipper of Hepliaklqana the Forgotten
  4350 | D:5      | Found a burning altar of Makhleb.
  4539 | D:5      | Found a white marble altar of Elyvilon.
  4540 | D:5      | Found a basalt altar of Yredelemnul.
  4541 | D:5      | Found a shadowy altar of Dithmenos.
  4542 | D:5      | Found a snail-covered altar of Cheibriados.
  4636 | D:5      | Reached skill level 6 in Unarmed Combat
  4910 | D:4      | Reached XP level 8. HP: 44/54 MP: 8/8
  5180 | D:6      | Noticed Maggie
  5192 | D:6      | Noticed Eustachio
  5205 | D:6      | Killed Eustachio
  5210 | D:6      | Reached skill level 5 in Fighting
  5379 | D:6      | Found a glowing drain.
  5433 | D:6      | Found an ancient bone altar of Kikubaaqudgha.
  5463 | Sewer    | Entered a sewer
  5483 | Sewer    | Reached skill level 7 in Unarmed Combat
  5710 | Sewer    | Reached skill level 5 in Shapeshifting
  6255 | D:6      | Reached XP level 9. HP: 55/61 MP: 9/9
  6334 | D:6      | Got the Atlas of the Sky
  6339 | D:6      | Learned a level 3 spell: Mephitic Cloud
  6439 | D:6      | Reached * piety under Hepliaklqana
  6545 | D:7      | Reached skill level 8 in Unarmed Combat
  6599 | D:7      | Reached skill level 1 in Poison Magic
  6745 | D:7      | Reached skill level 1 in Conjurations
  6746 | D:7      | Identified the +2 pair of boots "Hero's Friend" {Str+4}
  6759 | D:7      | Reached skill level 1 in Air Magic
  6965 | D:7      | Found a shimmering altar of Xom.
  7108 | D:7      | Found a runed translucent door.
  7109 | D:7      | Noticed Crazy Yiuf
  7554 | D:7      | Killed Crazy Yiuf
  9570 | D:6      | Noticed Menkaure
  9581 | D:6      | Reached skill level 9 in Unarmed Combat
  9586 | D:6      | Reached XP level 10. HP: 17/62 MP: 10/10
  9587 | D:6      | Killed from afar by Maggie

Illustrated notes

Levels and vault maps discovered:
D:1:      onia_arrival_zoo_common, layout_rooms
D:2:      layout_basic, basic_altar, minmay_surrounded, uniq_robin
D:3:      layout_loops_ring, grunt_ministairs_11,
          hangedman_decor_diamond_cutter, serial_park_tiny_2
D:4:      kennysheep_big_flooded_room, layout_cave_pools,
          evilmike_ruin_ashenzari, biasface_ghost_orc_armoury,
          minmay_small_thing
D:5:      layout_cave_pools, makhleb_blood_cavern_becter,
          chequers_temple_overflow_statue_of_worship,
          minmay_temple_entry_gardened_gates
D:6:      cheibrodos_helix_gallery, layout_basic,
          mainiacjoe_overflow_surrounded_room, portal_sewer_entry_f,
          serial_corexii_hall, corexii_hall_statues_x, corexii_hall_statues_u,
          nicolae_nh_oracle_at_delphi, uniq_menkaure, uniq_eustachio,
          uniq_maggie
D:7:      layout_loops_ring, xom_teletrap_fun, kennysheep_path_1,
          uniq_crazy_yiuf_cottage
D:8:      layout_basic, special_room [special_room_orc]
Temple:   minmay_temple_curvy_branch

Skill      XL: |  1  2  3  4  5  6  7  8  9 |
---------------+----------------------------+-----
Stealth        | 1 2 3 4 |  4.0
Unarmed Combat | 3 4 6 7 9 |  9.0
Fighting       | 3 4 5 6 |  6.5
Shapeshifting  | 4 5 |  5.9
Poison Magic   | 3 |  3.2
Conjurations   | 2 |  2.8
Air Magic      | 2 |  2.6
Dodging        | |  2.0

Action                     |  1- 3 |  4- 6 |  7- 9 | 10-12 || total
---------------------------+-------+-------+-------+-------++-------
  Melee: Unarmed           |    80 |   104 |   238 |       ||   422
         Constrict         |    26 |    31 |    61 |       ||   118
         Tentacles         |    19 |    24 |    53 |       ||    96
         Punch             |       |     4 |    14 |       ||    18
  Throw: Dart              |       |     5 |     5 |       ||    10
    Use: Scroll            |     2 |     5 |     7 |     1 ||    15
         Potion            |       |       |     1 |       ||     1
   Stab: Sleeping          |     1 |       |    20 |       ||    21
         Distracted        |       |       |     2 |       ||     2
 Armour: Skin              |     5 |     2 |     2 |       ||     9
  Dodge: Dodged            |    40 |    35 |   106 |       ||   181

Table legend: (Time is in decaauts)
 A = Elapsed time spent in this place.
 B = Non-inter-level travel time spent in this place.
 C = Inter-level travel time spent in this place.
 D = Time resting spent in this place.
 E = Time spent auto-exploring this place.
 F = Levels seen in this place.
 G = Mean time per level.
                   A        B        C        D        E       F      G
               +--------+--------+--------+--------+--------+-----+--------+
         Total |   9545 |   9041 |    504 |   1824 |   5065 |  10 |  954.5 |
       Dungeon |   9096 |   8607 |    489 |   1763 |   4925 |   8 | 1137.0 |
        Temple |     17 |      2 |     15 |      0 |      0 |   1 |   17.0 |
         Sewer |    431 |    431 |      0 |     61 |    140 |   1 |  431.0 |
               +--------+--------+--------+--------+--------+-----+--------+

Top non-repeatable levels by time:
     D:8: 1597 daAuts
     D:4: 1306 daAuts
     D:7: 1269 daAuts
     D:5: 1222 daAuts
     D:2: 1208 daAuts
     D:3: 934 daAuts
     D:6: 934 daAuts
     D:1: 623 daAuts
   Sewer: 431 daAuts
  Temple: 17 daAuts
